 Dungeon Crawl Stone Soup version 0.26.1-11-gd32895ea62 (webtiles) character file.

Game seed: 17814510731689117579

50 Zeld the Sneak (level 3, -3/24 HPs)
             Began as an Octopode Brigand on May 14, 2021.
             Killed from afar by Sigmund (9 damage)
             ... with a puff of flame
             ... on level 2 of the Dungeon.
             The game lasted 00:02:23 (1612 turns).

Zeld the Sneak (Octopode Brigand)                   Turns: 1612, Time: 00:02:24

Health: -3/24      AC:  1    Str:  8 (11) XL:     3   Next: 79%
Magic:  5/5        EV: 12    Int: 11 (13) God:
Gold:   67         SH:  0    Dex: 12 (13) Spells: 4/4 levels left

rFire    . . .     SeeInvis .   a - +2 dagger
rCold    . . .     Faith    .   (no shield)
rNeg     . . .     Spirit   .   (helmet restricted)
rPois    .         Reflect  .   (no amulet)
rElec    .         Harm     .   (no ring)
rCorr    .         Rampage  .   (no ring)
Will     .....                  (no ring)
Stlth    ++++......             (no ring)
HPRegen  0.08/turn              (no ring)
MPRegen  0.09/turn              (no ring)
                                (no ring)
                                (no ring)

@: no status effects
A: almost no armour, stealthy swim, amphibious, 8 rings, constrict 8, camouflage
1, gelatinous body 1
a: no special abilities


You were on level 2 of the Dungeon.
You visited 1 branch of the dungeon, and saw 2 of its levels.

You collected 67 gold pieces.

Inventory:

Hand Weapons
 a - a +2 dagger (weapon)
 m - a +2 dagger of flaming
Missiles
 b - 8 poisoned darts (quivered)
 c - 2 curare-tipped darts
Jewellery
 i - an uncursed amulet of reflection {unknown}
Scrolls
 d - 2 scrolls of identify {unknown}
 g - a scroll of immolation {unknown}
 h - a scroll of teleportation {unknown}
 l - a scroll of remove curse {unknown}
 p - a scroll of amnesia {unknown}
Potions
 e - a potion of degeneration
 j - a potion of cancellation {unknown}
 k - a potion of might {unknown}
 n - a potion of lignification {unknown}
 o - a potion of flight {unknown}
 q - a potion of heal wounds {unknown}


   Skills:
 - Level 2.0 Fighting
 * Level 3.4 Short Blades
 - Level 2.0 Throwing
 - Level 1.0 Dodging
 - Level 5.3 Stealth
 + Level 1.4 Spellcasting


You had 4 spell levels left.
You didn't know any spells.
Your spell library was empty.

Dungeon Overview and Level Annotations

Branches:
Dungeon (2/15)

Altars:

Annotations:
D:2 Sigmund


Innate Abilities, Weirdness & Mutations

You cannot wear most types of armour.
You are very stealthy in the water. (Stealth+)
You are amphibious.
You can wear up to eight rings at the same time.
You can use your tentacles to constrict eight enemies at once.
Your skin changes colour to match your surroundings (Stealth+).
Your rubbery body absorbs attacks. (AC +1, EV +1)


Message History

Unknown command.
It was a potion of degeneration.
There was something very wrong with that liquid.
You feel weakened.
You feel dopey.
You feel clumsy.
It was a potion of curing.
You feel better.
A magic dart appears from out of thin air!
The magic dart hits you!
* * * LOW HITPOINT WARNING * * *
Things that are here:
a +0 dagger; a goblin corpse
Okay, then.
Sigmund appears from thin air!
Reactivating autopickup.
Sigmund is suddenly surrounded by pale blue light.
Sigmund points at you and mumbles some strange words.
The magic dart hits you.
* * * LOW HITPOINT WARNING * * *
Sigmund casts a spell at you. The puff of flame hits you!
You die...

# #.#
#.####...#####
###### #.##
#...).........
.....########..#
#.####...#####
.....[.........##
#.# #####
.....#########..#
#.# .....# #..##
#.# # †....#
#...# #.# #
.....# #.#.# #.#
# #######
#.#@###.# #
......# #.#..##.#
# ......#
#.##.##@# #
......# #.##..#.#
# ......# #.
##.#.# ......# #+
#.@.# ......#
##..# .######
#..# .# #..#


You could see Sigmund.

Vanquished Creatures
  An ooze (D:1)
  2 giant cockroaches
  8 goblins
  7 hobgoblins
  4 jackals (D:1)
  7 kobolds
  A quokka (D:2)
  A ball python (D:1)
  4 bats
  4 frilled lizards (D:1)
  3 rats
42 creatures vanquished.

Notes
Turn   | Place    | Note
-------+----------+-------------------------------------------
     0 | D:1      | Zeld the Octopode Brigand began the quest for the Orb.
     0 | D:1      | Reached XP level 1. HP: 14/14 MP: 1/1
    59 | D:1      | Reached XP level 2. HP: 1/19 MP: 2/2
   552 | D:1      | Reached skill level 1 in Spellcasting
   670 | D:1      | Reached XP level 3. HP: 24/24 MP: 4/4
  1562 | D:2      | Noticed Sigmund
  1612 | D:2      | Killed from afar by Sigmund

Illustrated notes

Levels and vault maps discovered:
D:1:      minmay_arrival_up_and_down, layout_basic
D:2:      layout_basic, uniq_sigmund

Skill      XL: |  1  2 |
---------------+-------+-----
Spellcasting   | 1 |  1.4
Short Blades   | 3 |  3.4
Fighting       | |  2.0
Throwing       | |  2.0
Dodging        | |  1.0
Stealth        | |  5.3

Action                   || total
-------------------------++-------
Melee: Dagger            ||    67
       Constrict         ||    15
       Tentacles         ||    13
  Use: Potion            ||     2
 Stab: Sleeping          ||    11
Armor: Skin              ||     5
Dodge: Dodged            ||    26
